 Dungeon Crawl Stone Soup version 0.27-a0-720-g3f424a255b (webtiles) character file.

Game seed: 211279715260605638

6960 Ijustatesigmund the Cleaver (level 10, -5/82 HPs)
             Began as a Demonspawn Fighter on Mar 23, 2021.
             Was a Believer of Cheibriados.
             Slain by Urug
             ... wielding a +4 double sword of freezing
              (8 damage)
             ... on level 10 of the Dungeon.
             The game lasted 00:29:55 (13165 turns).

Ijustatesigmund the Cleaver (Demonspawn Fighter)   Turns: 13165, Time: 00:29:56

Health: -5/82      AC: 17    Str: 27    XL:     10   Next: 81%
Magic:  12/14      EV:  8    Int: 16    God:    Cheibriados [**....]
Gold:   559        SH: 17    Dex: 17    Spells: 6/9 levels left

rFire    + . .     SeeInvis .   a - +2 war axe
rCold    . . .     Faith    .   c - +3 kite shield
rNeg     . . .     Spirit   .   b - +3 chain mail
rPois    .         Reflect  .   (helmet restricted)
rElec    .         Harm     .   (no cloak)
rCorr    +         Rampage  .   (no gloves)
Will     .....                  (no boots)
Stlth    ..........             (no amulet)
HPRegen  0.23/turn              q - ring of protection from fire
MPRegen  0.14/turn              p - +6 ring of strength

@: mighty, very slow
A: horns 2, yellow scales 3, spiny 1, condensation shield
a: Renounce Religion, Bend Time


You were on level 10 of the Dungeon.
You worshipped Cheibriados.
Cheibriados was pleased with you.
You visited 2 branches of the dungeon, and saw 11 of its levels.
You also visited: Sewer and Bailey.

You collected 559 gold pieces.

Inventory:

Hand Weapons
 a - a +2 war axe (weapon)
 k - a +1 mace of protection
 n - a +1 demon trident of electrocution
Armour
 b - a +3 chain mail (worn)
 c - a +3 kite shield (worn)
Jewellery
 i - a ring of ice
 j - a ring of positive energy
 o - a ring of fire
 p - a +6 ring of strength (left hand)
 q - a ring of protection from fire (right hand)
Wands
 u - a wand of flame (21)
Scrolls
 d - 3 scrolls of teleportation
 m - a scroll of blinking
 r - a scroll of amnesia
Potions
 e - 3 potions of lignification
 f - 3 potions of flight
 g - a potion of magic
 h - a potion of resistance
 l - 2 potions of brilliance
 s - a potion of attraction {unknown}


   Skills:
 + Level 8.7 Fighting
 + Level 8.8 Axes
 + Level 6.7 Armour
 - Level 3.8 Dodging
 - Level 2.6 Shields
 - Level 5.3 Translocations
 + Level 6.2 Invocations


You had 6 spell levels left.
You knew the following spells:

 Your Spells              Type           Power      Damage    Failure   Level
a - Magic Dart            Conj           0%         1d3       100%        1
b - Blink                 Tloc           N/A        N/A       73%         2

Your spell library contained the following spells:

 Spells                   Type           Power      Damage    Failure   Level
 Beastly Appendage        Tmut           0%         N/A       100%        1
 Corona                   Hex            0%         N/A       100%        1
 Call Imp                 Summ           0%         N/A       100%        2
 Ensorcelled Hibernation  Hex/Ice        0%         N/A       100%        2
 Slow                     Hex            0%         N/A       100%        2
 Wereblood                Tmut           0%         N/A       100%        2
 Confusing Touch          Hex            0%         N/A       100%        3
 Conjure Flame            Conj/Fire      0%         6-21      100%        3
 Dazzling Flash           Conj/Hex       0%         N/A       100%        3
 Mephitic Cloud           Conj/Pois/Air  0%         N/A       100%        3
 Spider Form              Tmut/Pois      0%         N/A       100%        3
 Tukima's Dance           Hex            0%         N/A       100%        3
 Ice Form                 Ice/Tmut       0%         N/A       100%        4
 Blade Hands              Tmut           0%         N/A       100%        5


Dungeon Overview and Level Annotations

Branches:
Dungeon (10/15)            Temple (1/1) D:7           Sewer (visited)
 Bailey (visited)
   Lair: D:8-11         Orc: D:9-12

Altars:
Ashenzari
Cheibriados
Dithmenos
Elyvilon
Fedhas
Gozag
Hepliaklqana
Kikubaaqudgha
Makhleb
Nemelex Xobeh
Okawaru
Qazlal
Ru
Sif Muna
Trog
Uskayaw
Vehumet
Wu Jian
Xom
Yredelemnul
Zin
The Shining One

Shops:
D:9 *

Annotations:
D:4 3 runed translucent doors, glosham's ghost, amateur KoAK
D:5 Menkaure
D:6 2 transporters
D:9 3 runed translucent doors, paps's ghost, novice DsSu
D:10 Urug


Innate Abilities, Weirdness & Mutations

You have a pair of horns on your head.
You are completely covered in yellow scales. (AC +4, rCorr)
You are partially covered in sharp spines.
A meltable shield of frost defends you. (SH +4)


Message History

You closely miss Urug.
Urug is lightly wounded.
You block Urug's attack.
You slash Urug!
Urug is lightly wounded.
Urug hits you with a +4 double sword of freezing!
Urug freezes you. You block Urug's attack.
You slash Urug! Your headbutt misses Urug.
Urug is moderately wounded.
You block Urug's attack.
You closely miss Urug. You headbutt Urug, but do no damage.
Urug is moderately wounded.
Urug hits you with a +4 double sword of freezing!!
Urug freezes you!
You are too injured to fight recklessly!
You are too injured to fight recklessly!
You are too injured to fight recklessly!
You are too injured to fight recklessly!
You are too injured to fight recklessly!
You are too injured to fight recklessly!
The flow of time bends around you.
Cheibriados rebukes Urug.
Urug seems to slow down.
You block Urug's attack.
You feel very mighty all of a sudden.
Urug hits you with a +4 double sword of freezing.
Urug freezes you.
You slash Urug!
Urug is heavily wounded.
You block Urug's attack.
You closely miss Urug. You headbutt Urug!
Urug is heavily wounded.
You block Urug's attack.
You slice Urug!!
Urug is almost dead.
You hit Urug.
Urug is almost dead.
Urug hits you with a +4 double sword of freezing!!
* * * LOW HITPOINT WARNING * * *
Urug freezes you!
You die...

##.# ##.####...
## #.## #..#
##.# #..
#..###.## #..
.... #..##.##
##.. ....#
#.....# #...
.....# #....##
#...
......####...##
#.##
......o.##...#
#..
#.....@....##
#.#
#........÷..#
#.
#......###÷.#
.. #.....##
##..# #.....#
#... .....#
#.... .....
.... ..... ...
.. #


You could see Urug (slow).

Vanquished Creatures
  2 two-headed ogres
  An unseen horror (D:10)
  Joseph (D:8)
  Psyche (D:8)
  A wyvern (D:8)
  3 yaks (D:10)
  Eustachio (D:4)
  Edmund (D:5)
  A water moccasin (D:5)
  4 orc warriors
  3 ice beasts
  4 sky beasts
  2 centaurs
  6 ogres
  A phantom (D:8)
  A kobold brigand (D:9)
  4 bullfrogs
  A water moccasin skeleton (D:7)
  4 killer bees (D:8)
  4 howler monkeys
  A centaur zombie (D:8)
  A bullfrog zombie (D:4)
  5 hounds
  3 jellies
  3 orc priests
  2 centaur skeletons
  A bullfrog skeleton (D:5)
  2 iguanas
  Natasha (thrice) (D:2)
  12 orc wizards
  3 worker ants
  2 hound zombies
  A hound skeleton (D:7)
  13 adders
  A river rat (D:4)
  A shadow imp (D:5)
  3 white imps
  3 ufetubi
  4 adder zombies
  2 adder skeletons
  4 worms
  2 dart slugs
  63 orcs
  9 giant cockroaches
  7 goblins
  5 hobgoblins
  5 jackals (D:1)
  10 oozes
  9 quokkas
  8 ball pythons
  4 bats
  15 frilled lizards
  2 jackal zombies
  10 kobolds
  A quokka zombie (D:7)
  4 rats
270 creatures vanquished.

Notes
Turn   | Place    | Note
-------+----------+-------------------------------------------
     0 | D:1      | Ijustatesigmund the Demonspawn Fighter began the quest for
                  | the Orb.
     0 | D:1      | Reached XP level 1. HP: 18/18 MP: 1/1
   126 | D:1      | Gained mutation: You are partially covered in yellow
                  | scales. (AC +2) [demonic ancestry]
   126 | D:1      | Reached XP level 2. HP: 23/24 MP: 2/2
  1029 | D:2      | Reached skill level 1 in Dodging
  1029 | D:2      | Gained mutation: You have a pair of small horns on your
                  | head. [demonic ancestry]
  1029 | D:2      | Reached XP level 3. HP: 29/29 MP: 3/3
  1502 | D:2      | Noticed Natasha
  1509 | D:2      | Killed Natasha
  1510 | D:2      | Reached XP level 4. HP: 32/35 MP: 4/4
  1753 | D:2      | Noticed Natasha
  1761 | D:2      | Killed Natasha
  2425 | D:3      | Gained mutation: You have a pair of horns on your head.
                  | [demonic ancestry]
  2425 | D:3      | Reached XP level 5. HP: 27/42 MP: 5/5
  2757 | D:2      | Noticed Natasha
  2767 | D:2      | Killed Natasha
  2954 | D:3      | Gained mutation: You are partially covered in sharp spines.
                  | [demonic ancestry]
  2954 | D:3      | Reached XP level 6. HP: 43/48 MP: 6/6
  3976 | D:4      | Noticed Eustachio
  3999 | D:4      | Killed Eustachio
  4000 | D:4      | Reached skill level 5 in Axes
  4000 | D:4      | Gained mutation: You are mostly covered in yellow scales.
                  | (AC +3) [demonic ancestry]
  4000 | D:4      | Reached XP level 7. HP: 38/55 MP: 7/7
  4138 | D:4      | Found a glowing drain.
  4147 | Sewer    | Entered a sewer
  4324 | Sewer    | Reached skill level 5 in Fighting
  4942 | D:4      | Found a runed translucent gate.
  4943 | D:4      | Found a runed translucent gate.
  4945 | D:4      | Found a runed translucent gate.
  5202 | D:4      | Noticed glosham's ghost (amateur KoAK)
  5471 | D:5      | Entered Level 5 of the Dungeon
  5733 | D:5      | Gained mutation: You are completely covered in yellow
                  | scales. (AC +4, rCorr) [demonic ancestry]
  5733 | D:5      | Reached XP level 8. HP: 41/63 MP: 8/8
  5893 | D:5      | Noticed Edmund
  5907 | D:5      | Killed Edmund
  6047 | D:5      | Noticed Menkaure
  6973 | D:6      | Found a shimmering altar of Xom.
  6981 | D:6      | Found an iron altar of Okawaru.
  6983 | D:6      | Found a hide-covered altar of Uskayaw.
  6987 | D:6      | Found a shimmering blue altar of Sif Muna.
  7243 | D:6      | Found a transporter.
  7248 | D:6      | Noticed an orc sorcerer
  7258 | D:6      | Noticed a kobold demonologist
  7262 | D:6      | Found a transporter.
  7439 | D:7      | Gained mutation: A meltable shield of frost defends you.
                  | (SH +4) [demonic ancestry]
  7439 | D:7      | Reached XP level 9. HP: 64/71 MP: 9/9
  7441 | D:7      | Learned a level 1 spell: Magic Dart
  7444 | D:7      | Learned a level 2 spell: Blink
  7579 | D:7      | Found a staircase to the Ecumenical Temple.
  7658 | D:7      | Reached skill level 1 in Translocations
  7668 | D:7      | Found a radiant altar of Vehumet.
  8340 | D:8      | Noticed a lindwurm
  8341 | D:8      | Noticed a lindwurm
  8421 | D:8      | Noticed Psyche
  8428 | D:8      | Killed Psyche
  8682 | D:8      | Noticed a lindwurm
  8702 | D:8      | Noticed a two-headed ogre
  8704 | D:8      | Found a flagged portal.
  8711 | D:8      | Reached skill level 5 in Translocations
  8720 | Bailey   | Entered a bailey
  9398 | Bailey   | Noticed an orc knight
  9410 | Bailey   | Identified the +3 steam dragon scales of the Onion {+Blink
                  | +Inv}
 10162 | D:8      | Reached skill level 5 in Armour
 10207 | Temple   | Entered the Ecumenical Temple
 10212 | Temple   | Became a worshipper of Cheibriados the Contemplative
 10274 | D:8      | Killed a two-headed ogre
 10423 | D:8      | Noticed a lindwurm
 10676 | D:8      | Noticed a two-headed ogre
 10852 | D:8      | Reached XP level 10. HP: 79/79 MP: 12/12
 11132 | D:8      | Noticed Joseph
 11143 | D:8      | Killed Joseph
 11229 | D:8      | Reached * piety under Cheibriados
 11860 | D:9      | Found a runed translucent gate.
 11957 | D:9      | Found an opulent altar of Gozag.
 11958 | D:9      | Found a runed translucent gate.
 11959 | D:9      | Found a runed translucent gate.
 11960 | D:9      | Found Ponlibuph's Assorted Antiques.
 11960 | D:9      | Noticed a stone giant
 11960 | D:9      | Noticed a five-headed hydra
 11960 | D:9      | Noticed paps's ghost (novice DsSu)
 12002 | D:9      | Found an ornate altar of the Wu Jian Council.
 12363 | D:10     | Entered Level 10 of the Dungeon
 12431 | D:10     | Found a basalt altar of Yredelemnul.
 12457 | D:10     | Killed a two-headed ogre
 12458 | D:10     | Reached skill level 5 in Invocations
 12732 | D:10     | Reached ** piety under Cheibriados
 12788 | D:10     | Killed an unseen horror
 13151 | D:10     | Noticed Urug
 13165 | D:10     | HP: 3/82 [Urug/+4 double sword of freezing (24)]
 13165 | D:10     | Slain by Urug

Illustrated notes

Levels and vault maps discovered:
D:1:      mrwooster_arrival_statue_2, layout_loops_ring, minmay_misc_feat_square
D:2:      layout_rooms, uniq_natasha
D:3:      layout_basic
D:4:      layout_loops_corners, gammafunk_ghost_icy, portal_sewer_entry_e,
          uniq_eustachio
D:5:      layout_layer_cave, uniq_menkaure, uniq_edmund
D:6:      gammafunk_wand_slinger, layout_loops_ring, minitemple
D:7:      layout_loops_ring, lemuel_round_altar, minmay_temple_entry_wispy,
          roderic_nine_men_s_morris
D:8:      layout_basic, enter_bailey_5, minmay_lindwurm_lava, uniq_psyche,
          uniq_joseph
D:9:      layout_long_grid, nicolae_wu_jian_immortal_techniques,
          ebering_ghost_gozag
D:10:     layout_layer_cave, erik_lair_dragon, minmay_orc_entry_guard_dogs,
          basic_altar, uniq_urug
Temple:   minmay_freezing_vapour_temple

Skill      XL: |  1  2  3  4  5  6  7  8  9 10 |
---------------+-------------------------------+-----
Axes           | 2 3 4 5 6 7 8 |  8.8
Dodging        | 1 2 3 |  3.8
Fighting       | 4 5 6 7 8 |  8.7
Armour         | 4 5 6 |  6.7
Translocations | 5 |  5.3
Invocations    | 3 6 |  6.2
Shields        | |  2.6

Action                   |  1- 3 |  4- 6 |  7- 9 | 10-12 || total
-------------------------+-------+-------+-------+-------++-------
Melee: War axe           |    64 |   120 |   366 |   130 ||   680
       Headbutt          |     5 |    19 |    69 |    31 ||   124
Throw: Throwing net      |       |       |     1 |       ||     1
Invok: Bend Time         |       |       |       |     1 ||     1
  Use: Scroll            |     5 |     1 |    13 |     3 ||    22
       Potion            |       |     1 |     9 |     1 ||    11
Armor: Scale mail        |    38 |    58 |    23 |       ||   119
       Chain mail        |       |       |   138 |    44 ||   182
       Skin              |       |       |    17 |       ||    17
Dodge: Dodged            |    15 |    42 |   101 |    18 ||   176
Block: Kite shield       |    43 |    46 |   370 |   109 ||   568

Table legend: (Time is in decaauts)
 A = Elapsed time spent in this place.
 B = Non-inter-level travel time spent in this place.
 C = Inter-level travel time spent in this place.
 D = Time resting spent in this place.
 E = Time spent auto-exploring this place.
 F = Levels seen in this place.
 G = Mean time per level.
                   A        B        C        D        E       F      G
               +--------+--------+--------+--------+--------+-----+--------+
         Total |  14096 |  13808 |    288 |   4306 |   6872 |  13 | 1084.3 |
       Dungeon |  12373 |  12086 |    287 |   3378 |   6764 |  10 | 1237.3 |
        Temple |     11 |     11 |      0 |      0 |      0 |   1 |   11.0 |
         Sewer |    283 |    283 |      0 |      0 |     23 |   1 |  283.0 |
        Bailey |   1427 |   1427 |      0 |    928 |     84 |   1 | 1427.0 |
               +--------+--------+--------+--------+--------+-----+--------+

Top non-repeatable levels by time:
     D:8: 1901 daAuts
     D:2: 1450 daAuts
  Bailey: 1427 daAuts
     D:3: 1328 daAuts
     D:4: 1297 daAuts
     D:1: 1290 daAuts
     D:9: 1204 daAuts
     D:6: 1001 daAuts
     D:5: 996 daAuts
     D:7: 958 daAuts
    D:10: 943 daAuts
   Sewer: 283 daAuts
  Temple: 11 daAuts
